 Dungeon Crawl Stone Soup version 0.19-a0-816-geccf914 (webtiles) character file.

371 MrRokkomies the Grave Robber (level 6, 0/44 HPs)
             Began as an Octopode Necromancer on June 29, 2016.
             Killed from afar by an orc wizard (10 damage)
             ... with a puff of frost
             ... on level 4 of the Dungeon.
             The game lasted 00:11:19 (3148 turns).

MrRokkomies the Grave Robber (Octopode Necromancer) Turns: 3148, Time: 00:11:19

Health: 0/44       AC:  1    Str:  8    XL:     6   Next: 70%
Magic:  12/18      EV: 12    Int: 18    God:
Gold:   130        SH:  0    Dex: 13    Spells: 4 memorised, 0 levels left

rFire  . . .     SeeInvis .     c - +3 flail
rCold  . . .     Gourm    .     (no shield)
rNeg   . . .     Faith    .     (helmet restricted)
rPois  .         Spirit   .     (no amulet)
rElec  .         Dismiss  .     l - ring of wizardry
rCorr  .         Reflect  .     m - ring of magical power
SustAt .         Harm     .     (no ring)
MR     .....                    (no ring)
Stlth  +++.......               (no ring)
                                (no ring)
                                (no ring)
                                (no ring)

@: not resistant to hostile enchantments, fairly stealthy
A: almost no armour, amphibious, 8 rings, constrict 8, camouflage 1, gelatinous
body 1
a: no special abilities


You were on level 4 of the Dungeon.
You were very hungry.

You visited 1 branch of the dungeon, and saw 4 of its levels.

You collected 130 gold pieces.

Inventory:

Hand Weapons
 a - a +0 hunting sling
 b - a +2 dagger of venom
 c - a +3 flail (weapon)
Missiles
 e - 39 sling bullets
Jewellery
 l - a ring of wizardry (left tentacle)
 m - a ring of magical power (right tentacle)
Wands
 n - a wand of lightning (11/15)
 p - a wand of iceblast (8/15)
Scrolls
 d - 2 scrolls of identify
 o - a scroll of remove curse {unknown}
 r - a scroll of teleportation {unknown}
 s - a scroll of recharging {unknown}
Potions
 g - a potion of magic {unknown}
 j - a potion of flight
Books
 f - a book of Necromancy

   Spells                             Type                      Level
   a - Pain                           Necromancy                   1
   b - Animate Skeleton               Necromancy                   1
   c - Vampiric Draining              Necromancy                   3
   d - Regeneration                   Charms/Necromancy            3
   e - Animate Dead                   Necromancy                   4
   f - Control Undead                 Necromancy                   4
Comestibles
 h - a slice of pizza
 i - 4 bread rations
 k - 2 beef jerkies
 q - a meat ration
 t - a royal jelly


   Skills:
 * Level 4.4 Fighting
 - Level 2.0 Dodging
 - Level 2.6 Stealth
 - Level 2.0 Spellcasting
 * Level 6.2 Necromancy


You couldn't memorise any spells.
You knew the following spells:

 Your Spells              Type           Power        Failure   Level  Hunger
a - Pain                  Necr           ###.         1%          1    #......
b - Animate Skeleton      Necr           N/A          1%          1    #......
c - Vampiric Draining     Necr           ###.......   1%          3    ###....
d - Animate Dead          Necr           N/A          7%          4    #####..


Dungeon Overview and Level Annotations

Branches:
Dungeon (4/15)
 Temple: D:4-7

Altars:


Innate Abilities, Weirdness & Mutations

You cannot wear most types of armour.
You are amphibious.
You can wear up to eight rings at the same time.
You can use your tentacles to constrict eight enemies at once.
Your skin changes colour to match your surroundings (Stealth+).
Your rubbery body absorbs attacks. (AC +1)


Message History

Aiming: Vampiric Draining
Press: ? - help, Shift-Dir - straight line, f/p - orc
Aim: an orc, wielding a short sword and wearing a leather armour (severely wounded)
You kill the orc!
You feel life coursing into your body.
You hit the orc. Your grab misses the orc. You squeeze the orc.
You kill the orc!
Casting: Vampiric Draining
Confirm with . or Enter, or press ? or * to list all spells.
Aiming: Pain
Press: ? - help, Shift-Dir - straight line, f - orc wizard
Aim: an orc wizard, wielding a dagger and wearing a robe (fast, chance to defeat MR: 83%) Nothing appears to happen.
Something hits you.
The orc wizard mumbles some strange words.
The orc wizard blinks!
Something hits you.
* * * LOW HITPOINT WARNING * * *
You hear some strange, mumbled words.
A puff of frost appears from out of thin air!
The puff of frost hits you!
You die...

#..#..##..........#
.......#.....Z....#..
######.......o.......
#............#.......
##..........o###...###
#..............#o..#
#............#)#...#
#............#{#...#####
#............#..@.......
#.######################
#.# #.# #.# #.# #.# #.#
#.#


You could see an orc priest.

Vanquished Creatures
  An ogre (D:4)
  An orc wizard (D:3)
  Terence (D:2)
  Natasha (thrice) (D:2)
  3 gnolls (D:3)
  5 adders
  An adder skeleton (D:3)
  A dart slug (D:1)
  3 giant geckos
  8 orcs
  2 giant cockroaches (D:3)
  6 goblins
  7 hobgoblins
  10 kobolds
  A quokka (D:3)
  9 bats
  4 giant newts
  7 rats
73 creatures vanquished.

Vanquished Creatures (collateral kills)
  An ooze (D:2)
  A quokka (D:4)
  2 rats (D:2)
4 creatures vanquished.

Grand Total: 77 creatures vanquished

Notes
Turn   | Place    | Note
--------------------------------------------------------------
     0 | D:1      | MrRokkomies the Octopode Necromancer began the quest for the Orb.
     0 | D:1      | Reached XP level 1. HP: 11/11 MP: 3/3
    45 | D:1      | Learned a level 1 spell: Animate Skeleton
   177 | D:1      | Reached skill level 1 in Fighting
   194 | D:1      | Reached XP level 2. HP: 7/18 MP: 5/5
   741 | D:2      | Reached XP level 3. HP: 19/24 MP: 6/6
  1447 | D:2      | Reached XP level 4. HP: 18/29 MP: 7/7
  1452 | D:2      | Learned a level 3 spell: Vampiric Draining
  1677 | D:2      | Noticed Natasha
  1690 | D:2      | Killed Natasha
  1690 | D:2      | Reached skill level 5 in Necromancy
  1760 | D:2      | Noticed Natasha
  1760 | D:2      | Noticed Terence
  1764 | D:2      | Killed Natasha
  1769 | D:2      | Killed Terence
  1769 | D:2      | Reached XP level 5. HP: 22/36 MP: 8/8
  1787 | D:2      | Noticed Natasha
  1790 | D:2      | Killed Natasha
  2362 | D:3      | Reached XP level 6. HP: 29/43 MP: 9/9
  2368 | D:3      | Learned a level 4 spell: Animate Dead
  2887 | D:4      | Reached skill level 6 in Necromancy
  3148 | D:4      | Killed from afar by an orc wizard

Vault maps used:
D:1:      dpeg_arrival_concentric_ovals, minmay_misc_feat_diagonals
D:2:      minmay_pentomino_q4, uniq_natasha, uniq_terence
D:3:      first_bread
D:4:      old_forge, yredelemnul_altar_generic, kennysheep_decorative_pillar

Skill      XL: |  1  2  3  4  5  6 |
---------------+-------------------+-----
Fighting       | 1 2 3 4 |  4.4
Necromancy     | 5 6 |  6.2
Dodging        | |  2.0
Stealth        | |  2.6
Spellcasting   | |  2.0

Action                   |  1- 3 |  4- 6 || total
-------------------------+-------+-------++-------
Melee: Unarmed           |    16 |       ||    16
       Constrict         |    17 |    20 ||    37
       Tentacles         |    11 |    13 ||    24
       Short sword       |    53 |     7 ||    60
       Dagger            |       |    36 ||    36
       Flail             |       |    38 ||    38
 Fire: Hunting sling     |     3 |     4 ||     7
 Cast: Animate Skeleton  |     9 |     7 ||    16
       Pain              |    11 |    14 ||    25
       Vampiric Draining |       |    10 ||    10
       Animate Dead      |       |     2 ||     2
Evoke: Wand              |       |     1 ||     1
  Use: Scroll            |     4 |     1 ||     5
       Potion            |     1 |     2 ||     3
 Stab: Sleeping          |     7 |     3 ||    10
  Eat: Chunk             |     2 |     6 ||     8
Armor: Skin              |     9 |     5 ||    14
Dodge: Dodged            |    53 |    71 ||   124
